 Dungeon Crawl Stone Soup version 0.18-a0-1718-g40ea4b6 (webtiles) character file.

67317 Geeful the Peltast (level 15, -1/120 HPs)
             Began as a Formicid Abyssal Knight on Apr 5, 2016.
             Was an Elder of Lugonu.
             Killed by divine providence
             ... invoked by a smoke demon
             ... summoned by an orc high priest
              (15 damage)
             ... on level 2 of the Orcish Mines on Apr 7, 2016.
             The game lasted 02:07:36 (39080 turns).

Geeful the Peltast (Formicid Abyssal Knight)       Turns: 39080, Time: 02:07:36

Health: -1/120     AC: 22    Str: 21      XL:     15   Next: 65%
Magic:  22/22      EV:  7    Int: 13 (14) God:    Lugonu [****..]
Gold:   743        SH: 14    Dex: 12      Spells: 2 memorised, 11 levels left

rFire  + . .     SeeInvis +     C - +2 great mace (protect)
rCold  + . .     Gourm    .     B - +2 scale mail {rPois}
rNeg   . . .     Faith    .     K - +0 shield (curse)
rPois  +         Spirit   .     (helmet unavailable)
rElec  .         Dismiss  .     g - +0 cloak
rCorr  .         Reflect  .     y - +1 pair of gloves
SustAt .         Harm     .     a - +1 pair of boots
MR     ++...                    G - amulet of magic regeneration
Stlth  ..........               W - ring "Gobleh" {rF+ rC+ MR+ Dex+2 Stlth-}
                                e - +2 ring of evasion

@: drained, very resistant to hostile enchantments, extremely unstealthy
A: permanent stasis, dig shafts and tunnels, four strong arms, antennae 3, low
mp 1
a: Dig, Shaft Self, Depart the Abyss, Bend Space, Banish, Corrupt, Renounce
Religion


You were on level 2 of the Orcish Mines.
You worshipped Lugonu.
Lugonu was greatly pleased with you.
You were not hungry.

You visited 3 branches of the dungeon, and saw 22 of its levels.
You visited the Abyss 2 times.
You visited 1 bazaar.
You also visited: Ossuary.

You collected 2032 gold pieces.
You spent 1289 gold pieces at shops.

Inventory:

Hand Weapons
 C - a +2 great mace of protection (weapon)
 N - the +3 blowgun "Huepnala" {evade, rElec rC+ Str+3 Dex+4}
   (You bought it in a shop in a bazaar)

   It affects your evasion (+5 to EV).
   It affects your strength (+3).
   It affects your dexterity (+4).
   It protects you from cold.
   It insulates you from electricity.
 S - a +5 quick blade
Missiles
 i - 51 poisoned needles
 l - 2 throwing nets (quivered)
Armour
 a - a +1 pair of boots (worn)
 g - a +0 cloak (worn)
 y - a +1 pair of gloves (worn)
 B - a +2 scale mail of poison resistance (worn)
 F - a +0 pair of boots of stealth
 K - a cursed +0 shield (worn)
 U - the +6 chain mail "Laemar" {rElec SInv}
   (You bought it in a shop on level 12 of the Dungeon)

   It insulates you from electricity.
   It lets you see invisible.
Jewellery
 e - a +2 ring of evasion (left hand)
 j - an uncursed ring of protection from cold
 k - an uncursed ring of fire
 q - an uncursed ring of flight
 D - an uncursed ring of wizardry
 G - an amulet of magic regeneration (around neck)
 H - an uncursed ring of protection from cold
 W - the ring "Gobleh" (right hand) {rF+ rC+ MR+ Dex+2 Stlth-}
   (You found it on level 8 of the Lair of Beasts)

   [ring of protection from cold]

   It affects your dexterity (+2).
   It protects you from fire.
   It protects you from cold.
   It affects your resistance to hostile enchantments.
   It makes you less stealthy.
Wands
 b - a wand of flame (14/48)
 A - a wand of flame (18/48)
 M - a wand of paralysis (18/24)
 O - a wand of slowing (14/48)
 V - a wand of disintegration (16/24)
 Y - a wand of confusion (33/48)
 Z - a wand of slowing (34/48)
Scrolls
 o - 4 scrolls of remove curse
 p - 4 scrolls of enchant weapon
 t - 2 scrolls of immolation
 x - 2 scrolls of enchant armour
 z - a scroll of summoning
 I - 6 scrolls of fear
 J - 2 scrolls of recharging
 L - 2 scrolls of fog
 Q - 5 scrolls of identify
Potions
 f - 3 potions of agility
 n - 2 potions of brilliance
 r - 3 potions of cure mutation
 u - 7 potions of flight
 P - 2 potions of magic
 R - 4 potions of curing
 T - 2 potions of lignification
 X - a potion of might
Comestibles
 c - 6 bread rations
 d - 16 fruits
 h - 4 slices of pizza
 m - a chunk of flesh
 v - 12 royal jellies
 w - 7 beef jerkies


   Skills:
 + Level 11.7 Fighting
 * Level 12.2 Maces & Flails
 + Level 11.8 Armour
 - Level 0.8 Dodging
 - Level 17.1 Shields
 + Level 12.6(12.5) Invocations


You had 11 spell levels left.
You knew the following spells:

 Your Spells              Type           Power        Failure   Level  Hunger
a - Apportation           Tloc           #.........   71%         1    ##.....
b - Shroud of Golubria    Chrm/Tloc      #.........   89%         2    ###....


Dungeon Overview and Level Annotations

Branches:
Dungeon (12/15)            Temple (0/1) D:5            Lair (8/8) D:9
  Swamp (0/4) Lair:5       Spider (0/4) Lair:5        Slime (0/6) Lair:7
    Orc (2/2) D:11            Elf (0/3) Orc:2

Altars:
Ashenzari
Dithmenos
Elyvilon
Fedhas
Kikubaaqudgha
Makhleb
Sif Muna
Trog
Xom
Zin
Jiyva

Shops:
D:8 [:?*[   D:12 [

Annotations:
Orc:2 Saint Roka
Abyss:1 Erica, Harold, Nessos, Rupert


Innate Abilities, Weirdness & Mutations

You are under a permanent stasis effect.
You can dig through walls and to a lower floor.
Your four strong arms can wield two-handed weapons with a shield.
You have a pair of large antennae on your head (SInv).
Your magical capacity is low (-10% MP).


Message History

Beogh smites you!
The orc high priest utters an invocation to Beogh.
Saint Roka invokes the aid of Beogh against you.
Beogh smites you!
* * * LOW HITPOINT WARNING * * *
The ynoxinul gestures.
The neqoxec gestures at you.
Something tries to feed on your intellect!
Saint Roka roars a battlecry!
An orc wizard comes into view. It is wielding a dagger.
Things that are here:
a giant club; an ogre corpse The orc high priest invokes the aid of Beogh against you.
Beogh smites you!
* * * LOW HITPOINT WARNING * * *
There is a stone staircase leading up, spattered with blood here.
The orc high priest no longer looks unusually strong.
The orc warrior no longer looks unusually strong.
The smoke demon gestures at you. Beogh smites you!
You die...

##....#### ##.#.## ###
#.....##.####.....###.##
#........#.#.....##...## ###
#.........>...#..##....# ##.##
##.#..................## ##...#
###...................####.#.##
##.##.............#.....##....##
#....#.........[.#.....##.#.....
##.............@3.55.......#...#
###......#...#.o.o.......#.#..#
##............3#3#...........
#..............o5............
##.#........#.oo(#.....#.....
#...........##oo.).......)...
#.............#.o.......<....
##...##......o..............#
#.....#.....#.#..............


You could see Saint Roka, an orc high priest, a smoke demon, a neqoxec, a
ynoxinul, 2 orc warriors, an orc priest, an orc wizard, 2 orcs and 3 ufetubi.

Vanquished Creatures
  A catoblepas (Lair:7)
  A deep troll shaman (Lair:8)
  10 death yaks
  An orc high priest (Orc:2)
  A hill giant (D:9)
  A lindwurm (Lair:8)
  An orc knight (Orc:1)
  A manticore (D:11)
  2 griffons (Lair:5)
  An ugly thing (D:10)
  An orc sorcerer (Orc:1)
  9 elephants
  The ghost of Eucla the Charlatan, a novice DDAr (Ossuary)
  6 black mambas
  A torpor snail (Lair:5)
  12 spiny frogs
  2 rime drakes
  13 komodo dragons
  4 jumping spiders (Lair:5)
  A troll (Orc:1)
  3 polar bears
  21 blink frogs
  A two-headed ogre (D:9)
  2 redbacks (Lair:5)
  75 yaks
  2 wyverns
  A steam dragon (Lair:8)
  A basilisk (Lair:7)
  2 hungry ghosts
  12 hippogriffs
  A warg (Orc:1)
  A soldier ant (D:10)
  2 mottled dragons
  16 water moccasins
  15 porcupines
  17 orc warriors
  3 black bears
  12 ogres
  4 sky beasts
  2 wasps
  4 phantoms
  A necrophage (D:9)
  20 wolves
  8 centaurs
  17 crocodiles
  2 big kobolds
  3 elf zombies (Ossuary)
  13 giant frogs
  5 scorpions
  6 killer bees
  4 howler monkeys (D:8)
  6 jellies
  An electric eel (Lair:8)
  6 crimson imps
  A giant frog zombie (D:12)
  4 centaur zombies
  4 hounds
  24 orc priests
  2 human zombies (Ossuary)
  23 orc wizards
  2 centaur skeletons (D:7)
  Jessica (D:5)
  9 iguanas
  4 worker ants
  47 sheep
  2 hound skeletons
  2 mummies (Ossuary)
  A worker ant zombie (D:11)
  8 gnolls
  13 adders
  42 river rats
  2 shadow imps
  12 white imps
  6 oozes
  3 adder zombies
  6 worms
  3 dart slugs
  6 giant geckos
  82 orcs
  3 bats
  7 giant cockroaches
  11 goblins
  10 hobgoblins
  15 jackals
  2 quokkas (D:7)
  A ball python (D:2)
  A giant gecko skeleton (D:4)
  A giant gecko zombie (D:7)
  5 giant newts
  17 kobolds
  4 rats
745 creatures vanquished.

Vanquished Creatures (others)
  5 hydras
  A catoblepas (Lair:7)
  A death yak (Lair:5)
  2 orc knights (Orc:1)
  A manticore (D:11)
  An oklob plant (Lair:6)
  2 elephants (Lair:7)
  A rime drake (Lair:8)
  A komodo dragon (D:11)
  4 trolls
  A hungry ghost (D:11)
  A mottled dragon (Lair:8)
  6 orc warriors
  A centaur (D:7)
  The ghost of Eucla the Stinger, an amateur FeVM (D:4)
  4 killer bees (D:10)
  An orc priest (Orc:2)
  An orc wizard (D:5)
  2 bushes (Lair:8)
  75 fungi
  20 plants
  5 withered plants (D:9)
137 creatures vanquished.

Grand Total: 882 creatures vanquished

Notes
Turn   | Place    | Note
--------------------------------------------------------------
     0 | Abyss:1  | Geeful the Formicid Abyssal Knight began the quest for the Orb.
     0 | Abyss:1  | Reached XP level 1. HP: 18/18 MP: 2/2
    17 | Abyss:1  | Noticed a chaos spawn
    18 | Abyss:1  | Found a corrupted altar of Lugonu.
   167 | Abyss:2  | Found a corrupted altar of Lugonu.
   198 | Abyss:2  | Noticed an ancient zyme
   200 | Abyss:2  | Noticed a starcursed mass
   204 | Abyss:2  | Noticed a freezing wraith
   213 | D:1      | Escaped the Abyss
   408 | D:1      | Reached XP level 2. HP: 16/24 MP: 3/3
   578 | D:1      | Reached * piety under Lugonu
  1077 | D:1      | Reached XP level 3. HP: 25/29 MP: 3/5
  1696 | D:2      | Reached XP level 4. HP: 30/37 MP: 6/6
  1889 | D:2      | Found a burning altar of Makhleb.
  1913 | D:2      | Reached ** piety under Lugonu
  2329 | D:2      | Reached XP level 5. HP: 31/42 MP: 7/7
  2820 | D:3      | Found a shadowy altar of Dithmenos.
  3334 | D:4      | Noticed Eucla's ghost (amateur FeVM)
  3412 | D:4      | Reached XP level 6. HP: 9/48 MP: 8/8
  3493 | D:4      | Found a sand-covered staircase.
  3510 | Ossuary  | Entered an ossuary
  3510 | Ossuary  | Noticed Eucla's ghost (novice DDAr)
  3574 | Ossuary  | Killed Eucla's ghost
  3574 | Ossuary  | Reached skill level 5 in Fighting
  3574 | Ossuary  | Reached XP level 7. HP: 45/56 MP: 8/10
  3687 | Ossuary  | Reached skill level 5 in Invocations
  3717 | Ossuary  | Reached skill level 5 in Armour
  3724 | Ossuary  | HP: 2/56 [centaur zombie (5)]
  3727 | Ossuary  | Gained mutation: You expend magic power (3 MP) to strengthen your wands. [potion of mutation]
  3727 | Ossuary  | Gained mutation: You are resistant to hostile enchantments. [potion of mutation]
  3727 | Ossuary  | Gained mutation: Your body sometimes deteriorates upon taking damage. [potion of mutation]
  3729 | Ossuary  | Reached XP level 8. HP: 5/62 MP: 4/12
  4137 | Ossuary  | Reached *** piety under Lugonu
  4654 | D:4      | Reached skill level 5 in Maces & Flails
  4710 | D:4      | Banished Eucla's ghost
  5171 | D:4      | Found a bloodstained altar of Trog.
  5292 | D:4      | Lost mutation: Your body sometimes deteriorates upon taking damage. [potion of cure mutation]
  5292 | D:4      | Lost mutation: You expend magic power (3 MP) to strengthen your wands. [potion of cure mutation]
  5292 | D:4      | Lost mutation: You are resistant to hostile enchantments. [potion of cure mutation]
  5301 | D:5      | Entered Level 5 of the Dungeon
  5339 | D:5      | Found a staircase to the Ecumenical Temple.
  5677 | D:5      | Found a shimmering altar of Xom.
  5677 | D:5      | Found a shimmering altar of Xom.
  5677 | D:5      | Found a shimmering altar of Xom.
  5804 | D:5      | Reached XP level 9. HP: 69/69 MP: 13/13
  6555 | D:5      | Noticed Jessica
  6582 | D:5      | Killed Jessica
  6582 | D:5      | Reached **** piety under Lugonu
  6603 | D:5      | Found a deep blue altar of Sif Muna.
  6792 | D:6      | Found a glowing silver altar of Zin.
  7206 | D:6      | Got a ripped robe
  7217 | D:6      | Identified the +1 robe of Light {Str+2} (You found it on level 6 of the Dungeon)
  8891 | D:7      | Found a shimmering altar of Xom.
  9175 | D:7      | Found a shattered altar of Ashenzari.
  9390 | D:7      | Found a white marble altar of Elyvilon.
  9439 | D:7      | Reached XP level 10. HP: 74/80 MP: 14/16
  9801 | D:8      | Noticed Erica
  9803 | D:8      | Banished Erica
  9843 | D:8      | Found Cycybo's Armour Shop.
  9851 | D:8      | Bought a +0 cloak for 45 gold pieces
  9897 | D:8      | Found Iqony's Magic Scroll Shoppe.
 10464 | D:8      | Found Ejaisu Wesi's Assorted Antiques.
 10887 | D:8      | Found a burning altar of Makhleb.
 10890 | D:8      | Found Pauts's Book Boutique.
 11141 | D:8      | Found Ethush's Antique Armour Shop.
 11426 | D:8      | Bought a scroll of brand weapon for 220 gold pieces
 12250 | D:9      | Reached XP level 11. HP: 83/89 MP: 18/18
 12422 | D:9      | Noticed a hill giant
 12436 | D:9      | Killed a hill giant
 12820 | D:9      | Found an ancient bone altar of Kikubaaqudgha.
 13063 | D:9      | Reached skill level 10 in Invocations
 13360 | D:9      | Reached ***** piety under Lugonu
 13536 | D:9      | Found a staircase to the Lair.
 13773 | D:10     | Entered Level 10 of the Dungeon
 13799 | D:10     | Reached skill level 1 in Shields
 13952 | D:10     | Reached skill level 2 in Shields
 14192 | D:10     | Reached skill level 3 in Shields
 14809 | D:10     | Reached skill level 4 in Shields
 15118 | D:10     | Found a blossoming altar of Fedhas.
 15260 | D:11     | Noticed a manticore
 15273 | D:11     | Killed a manticore
 15273 | D:11     | Reached skill level 5 in Shields
 15536 | D:11     | Found a flickering gateway to a bazaar.
 15537 | D:11     | Found a staircase to the Orcish Mines.
 15537 | D:11     | Noticed a manticore
 15540 | D:11     | Banished a manticore
 15540 | D:11     | Reached skill level 6 in Shields
 15547 | Bazaar   | Entered a bazaar
 15653 | Bazaar   | Found Tudeesk's Jewellery Boutique.
 15679 | Bazaar   | Found Yvomuuxe's Food Emporium.
 15700 | Bazaar   | Found Emoosily's Book Boutique.
 15723 | Bazaar   | Found Wett's Antique Weapon Shoppe.
 15748 | Bazaar   | Bought an encrusted blowgun for 195 gold pieces
 15749 | Bazaar   | Identified the cursed +3 blowgun "Huepnala" {evade, rElec rC+ Str+3 Dex+4} (You bought it in a shop in a bazaar)
 15989 | D:11     | Reached skill level 7 in Shields
 16060 | D:11     | Noticed a red ugly thing
 16098 | D:10     | Killed a red ugly thing
 16565 | D:11     | Reached skill level 8 in Shields
 17124 | Orc:1    | Entered Level 1 of the Orcish Mines
 17135 | D:12     | Noticed a skeletal warrior
 17233 | D:12     | Reached XP level 12. HP: 62/97 MP: 19/19
 17731 | D:12     | Found Viurr's Antique Armour Shop.
 17894 | D:12     | Reached skill level 9 in Shields
 18265 | Lair:1   | Entered Level 1 of the Lair of Beasts
 18445 | Lair:1   | Reached skill level 10 in Shields
 19428 | Lair:2   | Reached skill level 11 in Shields
 20012 | D:8      | Bought a scroll of brand weapon for 220 gold pieces
 20882 | Lair:2   | Reached skill level 12 in Shields
 21388 | Lair:2   | You fall through a shaft!
 21794 | Lair:3   | Reached skill level 13 in Shields
 22169 | Lair:2   | Noticed Harold
 22172 | Lair:2   | Banished Harold
 23031 | Lair:3   | Reached XP level 13. HP: 79/102 MP: 20/20
 23209 | Lair:3   | Reached skill level 14 in Shields
 24984 | Lair:5   | Noticed Nessos
 24987 | Lair:5   | Banished Nessos
 24992 | Lair:5   | Reached skill level 15 in Shields
 25161 | Lair:5   | Identified a scroll of acquirement
 25596 | Lair:5   | Found a hole to the Spider Nest.
 25806 | Lair:5   | Reached skill level 16 in Shields
 26245 | Lair:5   | Found a staircase to the Swamp.
 26537 | Lair:5   | Learned a level 1 spell: Apportation
 26540 | Lair:5   | Learned a level 2 spell: Shroud of Golubria
 26749 | Lair:6   | Noticed an eight-headed hydra
 26761 | Lair:6   | Banished an eight-headed hydra
 27093 | Lair:6   | Reached skill level 17 in Shields
 28309 | Lair:7   | Reached XP level 14. HP: 108/109 MP: 21/21
 28370 | Lair:7   | Noticed Rupert
 28373 | Lair:7   | Banished Rupert
 28663 | Lair:7   | Reached skill level 10 in Fighting
 28671 | Lair:7   | Reached skill level 10 in Armour
 29486 | Lair:7   | Reached skill level 10 in Maces & Flails
 29694 | Lair:7   | Found a viscous altar of Jiyva.
 29694 | Lair:7   | Found a staircase to the Slime Pits.
 29968 | Lair:8   | Entered Level 8 of the Lair of Beasts
 30397 | Abyss:1  | HP: 7/166 [burnt (5)]
 30398 | Abyss:1  | HP: 2/166 [burnt (5)]
 30550 | Lair:8   | Escaped the Abyss
 32040 | Lair:8   | Got a vibrating iron ring
 32058 | Lair:8   | Identified the ring "Gobleh" {rF+ rC+ MR+ Dex+2 Stlth-} (You found it on level 8 of the Lair of Beasts)
 32967 | Lair:8   | Reached XP level 15. HP: 101/117 MP: 23/23
 35967 | D:12     | Bought a pair of embroidered boots for 157 gold pieces
 35967 | D:12     | Bought a crude chain mail for 332 gold pieces
 35970 | D:12     | Identified the +6 chain mail "Laemar" {rElec SInv} (You bought it in a shop on level 12 of the Dungeon)
 36083 | D:8      | Bought a scratched emerald ring for 120 gold pieces
 36111 | D:8      | Upgraded the game from 0.18-a0-1694-g9f731c2 to 0.18-a0-1718-g40ea4b6
 37599 | Orc:2    | Entered Level 2 of the Orcish Mines
 37599 | Orc:2    | Found a staircase to the Elven Halls.
 39067 | Orc:2    | Noticed Saint Roka
 39073 | Orc:2    | Gained mutation: Your magical capacity is low (-10% MP). [a neqoxec]
 39080 | Orc:2    | Killed from afar by a smoke demon

Vault maps used:
D:1:      ncdulo_wetmaze
D:2:      nicolae_overflow_crystal_walls, first_bread, minmay_crystal_room
D:3:      wad_lake_hut, grunt_dithmenos_smoke
D:4:      lemuel_doored_altar, enter_ossuary_1
D:5:      tgw_sif, minmay_temple_entry_butterflies, xom_redecorated
D:6:      black_bear_nest_1, lemuel_round_altar, corexii_hall_statues_deadend
D:7:      corexii_shack_village, kennysheep_little_box, lemuel_round_altar,
          elyvilon_altar_3
D:8:      serial_shops, nicolae_shop_statue_plus, shop, shop,
          nicolae_shop_window_shopping, kennysheep_mini_moat, basic_altar,
          hangedman_little_slice_of_home, uniq_erica
D:9:      kiku_gazebo_garden_becter, lair_0_dummy
D:10:     fedhas_altar_4
D:11:     orc_0_dummy, serial_shops, bzr_entry_dummy
D:12:     serial_shops, shop
Lair:2:   portal_ice_cave_entry_imps, grunt_megastairs_1, uniq_harold
Lair:5:   swamp_mist_pool, nicolae_spider_entry_tight_spaces,
          serial_bayou_shore_a, lemuel_fruit_tree, uniq_nessos
Lair:7:   dpeg_slime_entry_enclosed_altar, grunt_megastairs_3,
          infiniplex_staircase_pool, uniq_rupert
Lair:8:   grunt_lair_end_beastmaster, guppyfry_lair_drakes
Orc:2:    grunt_orc_tribal_feast, uniq_saint_roka
Abyss:2:  evilmike_abyss_exit_mutagenic
Bazaar:   bazaar_jpeg_circle_common
Ossuary:  ossuary_minmay_four_chambers

Skill      XL: |  1  2  3  4  5  6  7  8  9 10 11 12 13 14 15 |
---------------+----------------------------------------------+-----
Invocations    | 3 4 5 6 8 9 10 11 12 | 12.6
Armour         | 3 4 5 6 7 9 11 | 11.8
Fighting       | 4 5 6 7 9 10 11 | 11.7
Maces & Flails | 3 4 5 6 8 9 11 12 | 12.2
Shields        | 8 13 17 | 17.1
Dodging        | |  0.8

Action                   |  1- 3 |  4- 6 |  7- 9 | 10-12 | 13-15 || total
-------------------------+-------+-------+-------+-------+-------++-------
Melee: Mace              |   102 |   198 |   502 |    24 |       ||   826
       Flail             |       |       |   183 |   462 |       ||   645
       Dire flail        |       |       |       |   694 |   510 ||  1204
       Great mace        |       |       |       |       |  1236 ||  1236
 Fire: Blowgun           |       |       |       |    44 |       ||    44
 Cast: Apportation       |       |       |       |       |     4 ||     4
Invok: Depart the Abyss  |     1 |       |       |       |     1 ||     2
       Banish            |       |       |     5 |    20 |    27 ||    52
       Bend Space        |       |       |       |     1 |     3 ||     4
       Enter the Abyss   |       |       |       |       |     1 ||     1
 Abil: Dig               |       |       |     1 |     4 |     9 ||    14
Evoke: Wand              |       |     6 |    37 |    20 |       ||    63
  Use: Scroll            |     8 |     4 |     9 |     7 |    12 ||    40
       Potion            |       |     7 |     8 |     1 |     3 ||    19
 Stab: Invisible         |       |       |       |     4 |       ||     4
       Paralysed         |       |       |       |    12 |       ||    12
  Eat: Chunk             |     3 |     6 |    15 |    46 |    55 ||   125
       Meat ration       |       |       |     2 |     1 |     2 ||     5
       Bread ration      |       |       |     2 |       |       ||     2
       Royal jelly       |       |       |     2 |       |       ||     2
       Pizza             |       |       |     1 |     1 |       ||     2
